 Dungeon Crawl Stone Soup version 0.29-a0-998-g1987434951 (webtiles) character file.

Game seed: 3296451884530093041

2 vurker the Sneak (level 1, 0/9 HPs)
             Began as a Vine Stalker Enchanter on Aug 5, 2022.
             Slain by a giant cockroach (2 damage)
             ... on level 1 of the Dungeon.
             The game lasted 00:00:08 (51 turns).

vurker the Sneak (Vine Stalker Enchanter)             Turns: 51, Time: 00:00:08

Health: 0/9        AC:  2    Str: 10    XL:     1   Next: 40%
Magic:  0/4        EV: 12    Int: 15    God:
Gold:   4          SH:  0    Dex: 14    Spells: 4/4 levels left

rFire   . . .      SeeInvis .   a - +1 dagger
rCold   . . .      Faith    .   (no shield)
rNeg    . . .      Spirit   +   b - +0 robe
rPois   .          Reflect  .   (no helmet)
rElec   .          Harm     .   (no cloak)
rCorr   .          Rampage  .   (no gloves)
Will    .....                   (no boots)
Stlth   ++........              (no amulet)
HPRegen 0.03/turn               (no ring)
MPRegen 0.09/turn               (no ring)

@: no status effects
A: fangs 2, magic shield, antimagic bite, no potion heal 2
a: no special abilities


You were on level 1 of the Dungeon.
You visited 1 branch of the dungeon, and saw 1 of its levels.

You collected 4 gold pieces.

Inventory:

Hand Weapons
 a - a +1 dagger (weapon)
Armour
 b - a +0 robe (worn)
Potions
 c - 2 potions of invisibility
 d - a potion of flight {unknown}


   Skills:
 + Level 0.2 Fighting
 - Level 0.8 Short Blades
 - Level 1.5 Dodging
 - Level 3.6 Stealth
 * Level 0.5 Unarmed Combat
 - Level 2.1 Spellcasting
 - Level 3.0 Hexes


You had 4 spell levels left.
You didn't know any spells.
Your spell library contained the following spells:

 Spells                   Type           Power      Damage    Failure   Level
 Ensorcelled Hibernation  Hex/Ice        12%        N/A       19%         2
 Confusing Touch          Hex            10%        N/A       19%         3
 Tukima's Dance           Hex            10%        N/A       19%         3
 Dazzling Flash           Conj/Hex       12%        N/A       34%         3


Dungeon Overview and Level Annotations

Branches:
Dungeon (1/15)

Altars:


Innate Abilities, Weirdness & Mutations

You have extremely sharp teeth.
When hurt, damage is shared between your health and your magic reserves.
Your bite disrupts and absorbs the magic of your enemies.
Potions cannot restore your health.


Message History

Options error: Bad channel -- rotten_meat (~/.crawlrc:4122) Welcome, vurker the Vine Stalker Enchanter.
Will you be the one to retrieve the astounding Orb of Zot from the depths?
Found a staircase leading out of the dungeon.
Found 4 gold pieces.
Found a faded altar of an unknown god.
Found a sedimented silvery potion.
No target in view!
Found a sedimented silvery potion.
You now have 4 gold pieces.
d - a sedimented silvery potion A quokka comes into view.
Found a gold piece.
There is a faded altar of an unknown god here.
A quokka is nearby!
A quokka is nearby!
A ball python and a kobold come into view.
The helpless quokka fails to defend itself.
You puncture the quokka!
You kill the quokka!
You hit the ball python. Your bite misses the ball python.
The ball python closely misses you. The ball python completely misses you.
You hit the ball python.
You kill the ball python!
The kobold shouts!
You see here a quokka corpse.
A giant cockroach comes into view.
There are monsters nearby!
There are monsters nearby!
You hit the kobold but do no damage. Your bite misses the kobold.
The kobold hits you with a +0 whip.
You hit the kobold. Your bite misses the kobold.
The kobold hits you with a +0 whip.
* * * LOW HITPOINT WARNING * * *
You closely miss the kobold. The kobold hits you with a +0 whip.
* * * LOW HITPOINT WARNING * * *
You hit the kobold. Your bite misses the kobold. The giant cockroach bites you.
You die...

#. #.# ###.# ....
######.##########
.................
.........@K......
.####.†..B......
#.##########
####.######
#$#.....#...#
#....♣..#...#
#...♣_♣.#...#
#...!♣..#...#
#...........#####


You could see a giant cockroach and a kobold.

Vanquished Creatures
  A ball python (D:1)
  A quokka (D:1)
2 creatures vanquished.

Notes
Turn   | Place    | Note
-------+----------+-------------------------------------------
     0 | D:1      | vurker the Vine Stalker Enchanter began the quest for the
                  | Orb.
     0 | D:1      | Reached XP level 1. HP: 9/9 MP: 4/4
    17 | D:1      | Found a faded altar of an unknown god.
    51 | D:1      | Slain by a giant cockroach

Illustrated notes

Levels and vault maps discovered:
D:1:      ldierk_walled_garden_2, layout_basic, chequers_ecumenical_altar_simple

Action                   || total
-------------------------++-------
Melee: Dagger            ||     7
 Stab: Sleeping          ||     1
Dodge: Dodged            ||     2

Table legend: (Time is in decaauts)
 A = Elapsed time spent in this place.
 B = Non-inter-level travel time spent in this place.
 C = Inter-level travel time spent in this place.
 D = Time resting spent in this place.
 E = Time spent auto-exploring this place.
 F = Levels seen in this place.
 G = Mean time per level.
                   A        B        C        D        E       F      G
               +--------+--------+--------+--------+--------+-----+--------+
         Total |     50 |     50 |      0 |      0 |     31 |   1 |   50.0 |
       Dungeon |     50 |     50 |      0 |      0 |     31 |   1 |   50.0 |
               +--------+--------+--------+--------+--------+-----+--------+

Top non-repeatable levels by time:
     D:1: 50 daAuts
